 Dungeon Sprint DCSS version 0.26-a0-969-g2c58977ddd (webtiles) character file.

Game seed: 946533183737027481

177 Conn the Stinger (level 5, 0/33 (35) HPs)
             Began as a Vampire Venom Mage on Dec 4, 2020.
             Slain by a water moccasin (10 damage)
             ... in the Dungeon (Sprint II: "The Violet Keep of Menkaure").
             The game lasted 00:06:17 (44 turns).

Conn the Stinger (Vampire Venom Mage)                 Turns: 44, Time: 00:06:18

HP:   0/33 (35)     AC:  2    Str:  7    XL:     5   Next: 30%
MP:   7/11          EV: 15    Int: 19    God:
Gold: 0             SH:  0    Dex: 14    Spells: 11/12 levels left

rFire    . . .     SeeInvis +     - Unarmed
rCold    . . .     Faith    .   (no shield)
rNeg     . . .     Spirit   .   a - +0 robe
rPois    .         Reflect  .   (no helmet)
rElec    .         Harm     .   (no cloak)
rCorr    .         Rampage  .   (no gloves)
MR       .....     NoTele   +   (no boots)
Stlth    ++........             (no amulet)
HPRegen  0.00/turn              (no ring)
MPRegen  0.12/turn              (no ring)

@: berserk cooldown, non-regenerating, diseased, slowed, very slow
A: fangs 3, see invisible, unbreathing
a: Exsanguinate


You were in the Dungeon.
You visited 1 branch

Inventory:

Armour
 a - a +0 robe (worn)
Potions
 f - 2 potions of magic


   Skills:
 * Level 6.2 Dodging
 + Level 5.1 Stealth
 + Level 2.2 Unarmed Combat
 + Level 4.4 Spellcasting
 + Level 1.9 Transmutations
 + Level 7.3 Poison Magic


You had 11 spell levels left.
You knew the following spells:

 Your Spells              Type           Power        Failure   Level
a - Sting                 Tmut/Pois      ###.         1%          1

Your spell library contained the following spells:

 Spells                   Type           Power        Failure   Level
 Poisonous Vapours        Pois/Air       ###...       4%          2
 Olgreb's Toxic Radiance  Pois           ####....     6%          4
 Ignite Poison            Fire/Tmut/Pois ###.....     11%         3
 Mephitic Cloud           Conj/Pois/Air  ##......     14%         3


Dungeon Overview and Level Annotations

Branches:
Dungeon (1/1)

Altars:

Shops:
D ?([:[[[=!!


Innate Abilities, Weirdness & Mutations

Your natural rate of healing is unusually fast.
You have razor-sharp teeth.
You have supernaturally acute eyesight. (SInv)
You can survive without breathing.


Message History

You feel your flesh rotting away! The water moccasin barely misses you.
You aren't carrying any scrolls.
Unknown command.
Okay, then.
Attack: -) Nothing wielded
Press: ? - help, Dir - move target, f - water moccasin
Aim: a water moccasin You hit the water moccasin but do no damage.
The water moccasin bites you.
The necrophage splashes around in the water.
The water moccasin barely misses you. The necrophage barely misses you.
Attack: -) Nothing wielded
Press: ? - help, Dir - move target, f/p - water moccasin
Aim: a water moccasin You hit the water moccasin.
The water moccasin is lightly wounded.
The water moccasin barely misses you.
The necrophage splashes around in the water.
The water moccasin bites you!
You die...

≈##
########≈≈#+++#
#######≈≈≈....
......#≈≈≈≈.#
..⌠...#≈≈≈≈#
.∩.∩..#≈≈≈≈
∩.∩.∩.#≈S#
.∩.∩.∩#@##. #+#
∩.....#n#.m.##.##
.....∩'n+ #.+.<.+
......#≈#...##.##
▓▓▓▓###≈##. ##'##
Z######≈≈####.#.##
. ##≈≈≈#..#..#
#+#≈##.$.## ≈
#≈≈##'##≈≈≈≈


You could see a spectral leopard gecko, a water moccasin and 2 necrophages.

Vanquished Creatures
  2 necrophages (D)
2 creatures vanquished.

Vanquished Creatures (others)
  Menkaure (D)
  A water moccasin (D)
2 creatures vanquished.

Grand Total: 4 creatures vanquished

Notes
Turn   | Place    | Note
-------+----------+-------------------------------------------
     0 | D        | Conn the Vampire Venom Mage began the quest for the Orb.
     0 | D        | Reached XP level 1. HP: 13/13 MP: 3/3
     1 | D        | Noticed a merfolk siren
     4 | D        | Noticed a necrophage
     4 | D        | Noticed a necrophage
     4 | D        | Noticed a necrophage
     4 | D        | Noticed a necrophage
    15 | D        | Killed a necrophage
    16 | D        | Reached skill level 5 in Dodging
    16 | D        | Reached skill level 1 in Unarmed Combat
    16 | D        | Reached skill level 5 in Poison Magic
    16 | D        | Reached XP level 2. HP: 5/19 MP: 3/6
    16 | D        | Reached XP level 3. HP: 6/24 MP: 4/8
    16 | D        | Reached XP level 4. HP: 8/30 MP: 4/9
    18 | D        | Killed a water moccasin
    23 | D        | Killed Menkaure
    25 | D        | Killed a necrophage
    26 | D        | Reached skill level 5 in Stealth
    26 | D        | Reached skill level 7 in Poison Magic
    26 | D        | Reached XP level 5. HP: 6/35 MP: 3/11
    33 | D        | Found Ynutyh's Distillery.
    35 | D        | Found Etsimu's Armour Emporium.
    36 | D        | Found Biywnurolo's Antique Armour Shoppe.
    37 | D        | Found Laxo Lep's Book Shoppe.
    37 | D        | Found Rugotoh's Armour Shoppe.
    37 | D        | Found Nuphan's Antique Armour Emporium.
    38 | D        | Found Plog's Antique Weapon Shoppe.
    38 | D        | Found Josiul's Jewellery Emporium.
    38 | D        | Found Daomexzo's Magic Scroll Emporium.
    39 | D        | Found Foinauwn's Distillery.
    41 | D        | Noticed a water moccasin
    44 | D        | Slain by a water moccasin

Illustrated notes

Levels and vault maps discovered:
D:        the_violet_keep_of_menkaure [sprint2_stairs_cluster_1,
          sprint2_shoproom, sprint2_temple, sprint2_basic_supplies,
          sprint2_obstacle_7, sprint2_obstacle_4, sprint2_obstacle_2,
          sprint2_obstacle_1, sprint2_obstacle_5, sprint2_timed_cluster_1,
          sprint2_smallroom_cluster_1, sprint2_smallroom_final_cluster_1,
          sprint2_transparent_cluster_1, sprint2_second_timed_cluster_1,
          sprint2_sniper_area_1, sprint2_heavy_combat_area_1,
          sprint2_mutation_trap_area_1, sprint2_forest_area_1,
          sprint2_light_combat_area_1, sprint2_behind_water_1,
          sprint2_near_end_vault_1]

Skill      XL: |  1  2  3  4 |
---------------+-------------+-----
Dodging        | 5 6 |  6.2
Stealth        | 4 5 |  5.1
Unarmed Combat | 1 2 |  2.2
Spellcasting   | 3 4 |  4.4
Poison Magic   | 5 7 |  7.3
Transmutations | |  1.9

Action                   |  1- 3 |  4- 6 || total
-------------------------+-------+-------++-------
Melee: Unarmed           |     9 |    12 ||    21
       Bite              |     2 |     1 ||     3
 Cast: Sting             |       |     1 ||     1
  Use: Potion            |     2 |     2 ||     4
       Scroll            |       |     1 ||     1
Armor: Robe              |       |     1 ||     1
Dodge: Dodged            |     2 |     9 ||    11

Table legend: (Time is in decaauts)
 A = Elapsed time spent in this place.
 B = Non-inter-level travel time spent in this place.
 C = Inter-level travel time spent in this place.
 D = Time resting spent in this place.
 E = Time spent auto-exploring this place.
 F = Levels seen in this place.
 G = Mean time per level.
                   A        B        C        D        E       F      G
               +--------+--------+--------+--------+--------+-----+--------+
         Total |     48 |     48 |      0 |      0 |      0 |   1 |   48.0 |
       Dungeon |     48 |     48 |      0 |      0 |      0 |   1 |   48.0 |
               +--------+--------+--------+--------+--------+-----+--------+

Top non-repeatable levels by time:
       D: 48 daAuts
